 Dungeon Crawl Stone Soup version 0.20-a0-449-g96be121 (webtiles) character file.

602 terra52 the Archer (level 7, 0/59 HPs)
             Began as a Centaur Hunter on Jan 7, 2017.
             Was a Follower of Okawaru.
             Shot with an arrow by a centaur (6 damage)
             ... on level 5 of the Dungeon.
             The game lasted 00:19:43 (5948 turns).

terra52 the Archer (Centaur Hunter)                 Turns: 5948, Time: 00:19:43

Health: 0/59       AC:  9    Str: 16    XL:     7   Next: 18%
Magic:  16/16      EV:  9    Int: 10    God:    Okawaru [*.....]
Gold:   60         SH:  0    Dex: 10    Spells: 6/6 levels left

rFire  . . .     SeeInvis .     a - +1 shortbow
rCold  . . .     Gourm    .     c - +0 leather armour
rNeg   . . .     Faith    .     (shield currently unavailable)
rPois  +         Spirit   .     (no helmet)
rElec  .         Reflect  .     m - +0 cloak
rCorr  .         Harm     .     h - +2 pair of gloves
MR     .....                    (no barding)
Stlth  +.........               (no amulet)
                                C - ring of magical power
                                u - ring of poison resistance

@: very quick
A: hooves 3, deformed body, speed 2, tough skin 3
a: Heroism, Renounce Religion


You were on level 5 of the Dungeon.
You worshipped Okawaru.
Okawaru was aware of your devotion.
You were not hungry.

You visited 2 branches of the dungeon, and saw 6 of its levels.

You collected 290 gold pieces.
You spent 230 gold pieces at shops.

Inventory:

Hand Weapons
 a - a +1 shortbow (weapon)
 b - a +0 short sword
 q - a +1 dagger of pain
 B - a +0 antimagic spear
 I - the +4 great sword "Fijuupsu" {venom, rPois rN+}
   (You bought it in a shop on level 4 of the Dungeon)

   It poisons the flesh of those it strikes.
   It protects you from poison.
   It protects you from negative energy.
Missiles
 d - 15 arrows (quivered)
Armour
 c - a +0 leather armour (worn)
 h - a +2 pair of gloves (worn)
 m - a +0 cloak (worn)
Jewellery
 u - a ring of poison resistance (left hand)
 v - an uncursed ring of see invisible
 C - a ring of magical power (right hand)
 G - a +4 ring of intelligence {unknown}
 H - an uncursed ring of ice {unknown}
Scrolls
 g - 2 scrolls of recharging {unknown}
 l - a scroll of magic mapping {unknown}
 s - 2 scrolls of noise {unknown}
 t - 2 scrolls of remove curse {unknown}
 y - a scroll of enchant weapon {unknown}
 A - 3 scrolls of identify
 D - a scroll of amnesia {unknown}
Potions
 e - 3 potions of haste
 j - a potion of agility
 k - 3 potions of curing
 o - 2 potions of cure mutation {unknown}
 p - a potion of flight {unknown}
 w - 2 potions of lignification {unknown}
 z - 2 potions of invisibility {unknown}
 E - 2 potions of heal wounds {unknown}
 F - a potion of mutation {unknown}
Comestibles
 f - 3 bread rations
 n - 3 meat rations
 r - a beef jerky
 x - 3 fruits


   Skills:
 + Level 4.0 Fighting
 - Level 1.3 Polearms
 + Level 8.6 Bows
 + Level 2.8 Armour
 - Level 1.3 Dodging
 - Level 0.4 Stealth


You had 6 spell levels left.
You didn't know any spells.

Dungeon Overview and Level Annotations

Branches:
Dungeon (5/15)             Temple (1/1) D:4

Altars:
Cheibriados
Dithmenos
Fedhas
Gozag
Hepliaklqana
Makhleb
Nemelex Xobeh
Okawaru
Qazlal
Xom
Yredelemnul
Zin
Lugonu

Shops:
D:4 %*((

Annotations:
D:4 LostInTranslocation's ghost, novice HuTm
D:5 DeadSaracen's ghost, novice DgHu


Innate Abilities, Weirdness & Mutations

You have hooves in place of feet.
Armour fits poorly on your strangely shaped body.
You cover ground very quickly.
You have extremely tough skin. (AC +3)


Message History

You closely miss the worker ant. Your kick misses the worker ant.
The worker ant is heavily wounded.
The worker ant closely misses you.
You riposte.
You hit the worker ant.
You kick the worker ant, but do no damage.
The worker ant is severely wounded.
The worker ant bites you but does no damage.
You barely miss the worker ant.
The worker ant is severely wounded.
The worker ant bites you but does no damage. x2
You slash the worker ant!
You kill the worker ant!
Okawaru accepts your kill.
The centaur shoots an arrow.
The arrow barely misses you.
The centaur shoots an arrow.
The arrow hits you!
* * * LOW HITPOINT WARNING * * *
Wield which item (- for none, * to show all)? (? for menu, Esc to quit)
The +4 great sword "Fijuupsu" {venom, rPois rN+} stops dripping with poison.
a - a +1 shortbow (weapon)
The centaur shoots an arrow.
The arrow hits you.
You die...

#.# #.# ###.###
#.....#
...###.#.#.########
...................
.
######.#.#..#######
....#######......#
.((..c(@.(..(.##.#
....############.#
. #.# #.# #.#


You could see a centaur.

Vanquished Creatures
  2 ogres (D:4)
  A scorpion (D:4)
  A howler monkey (D:4)
  A hound (D:4)
  3 orc wizards (D:4)
  Terence (D:2)
  2 worker ants
  6 adders
  5 worms
  2 dart slugs
  2 leopard geckos
  11 orcs
  3 giant cockroaches
  6 goblins
  5 hobgoblins
  6 jackals
  A quokka (D:2)
  3 ball pythons
  9 bats
  7 frilled lizards
  6 kobolds
  A quokka zombie (D:5)
  5 rats
89 creatures vanquished.

Notes
Turn   | Place    | Note
-------+----------+-------------------------------------------
     0 | D:1      | terra52 the Centaur Hunter began the quest for the Orb.
     0 | D:1      | Reached XP level 1. HP: 17/17 MP: 1/1
   481 | D:1      | Reached XP level 2. HP: 18/24 MP: 2/2
   757 | D:1      | Reached skill level 6 in Bows
  1664 | D:2      | Reached XP level 3. HP: 28/29 MP: 3/3
  1754 | D:2      | Found a stormy altar of Qazlal.
  1832 | D:2      | Found a basalt altar of Yredelemnul.
  1873 | D:2      | Noticed Terence
  2223 | D:2      | Killed Terence
  2223 | D:2      | Reached XP level 4. HP: 37/37 MP: 4/4
  2255 | D:2      | Reached skill level 1 in Armour
  2367 | D:2      | Found a shadowy altar of Dithmenos.
  2388 | D:2      | Reached skill level 7 in Bows
  3394 | D:3      | Reached XP level 5. HP: 29/42 MP: 4/5
  3700 | D:4      | Found a staircase to the Ecumenical Temple.
  3710 | Temple   | Entered the Ecumenical Temple
  3759 | Temple   | Became a worshipper of Warmaster Okawaru
  3857 | D:4      | Reached skill level 1 in Polearms
  3857 | D:4      | Reached skill level 8 in Bows
  4166 | D:4      | Reached XP level 6. HP: 15/51 MP: 5/6
  4417 | D:4      | Found Nurokhau's General Store.
  4611 | D:4      | Noticed LostInTranslocation's ghost (novice HuTm)
  4808 | D:4      | Reached * piety under Okawaru
  4829 | D:4      | Found Mahakaef's Food Shop.
  4980 | D:4      | Found Huky's Antique Weapon Shop.
  5065 | D:4      | Found an opulent altar of Gozag.
  5141 | D:4      | Found Orcham's Weapon Shop.
  5533 | D:4      | Reached XP level 7. HP: 59/59 MP: 7/7
  5633 | D:4      | Bought a warped great sword for 230 gold pieces
  5633 | D:4      | Identified the +4 great sword "Fijuupsu" {venom, rPois rN+} (You bought it in a shop on level 4 of the Dungeon)
  5668 | D:5      | Entered Level 5 of the Dungeon
  5670 | D:5      | Noticed DeadSaracen's ghost (novice DgHu)
  5948 | D:5      | Shot with an arrow by a centaur

Vault maps used:
D:1:      mrwooster_arrival_statue_2
D:2:      old_standard_altar, lemuel_coloured_pillars_altar, old_standard_altar,
          uniq_terence
D:3:      nrook_mini_backslash, minivault_14
D:4:      nicolae_gozag_cash_rules_everything_around_me, serial_shops,
          shop_coins, nicolae_shop_trees, nicolae_shop_trees, shop_statue,
          first_bread
D:5:      ashenzari_conservatory_becter, tso_oasis_becter, vehumet_crystals,
          lightli_temple_of_fire, uniq_prince_ribbit1
Temple:   corrupted_temple

Skill      XL: |  1  2  3  4  5  6 |
---------------+-------------------+-----
Bows           | 6 7 8 |  8.6
Armour         | 1 2 |  2.8
Fighting       | 3 4 |  4.0
Polearms       | 1 |  1.3
Dodging        | |  1.3
Stealth        | |  0.4

Action                   |  1- 3 |  4- 6 |  7- 9 || total
-------------------------+-------+-------+-------++-------
Melee: Short sword       |   116 |    40 |       ||   156
       Kick              |    17 |    58 |     2 ||    77
       Spear             |       |   242 |       ||   242
       Great sword       |       |       |    11 ||    11
 Fire: Shortbow          |    14 |    63 |    12 ||    89
  Use: Scroll            |     2 |     4 |       ||     6
  Eat: Chunk             |     2 |    10 |     1 ||    13
Armor: Leather armour    |    65 |   128 |     6 ||   199
Dodge: Dodged            |    52 |   135 |     9 ||   196
       Rpst.: Great sword |       |       |     1 ||     1
